 Dungeon Crawl Stone Soup version 0.23.0 (webtiles) character file.

Game seed: 15140482900059298891

2779 Masnef the Covert (level 9, -1/45 HPs)
             Began as a Spriggan Skald on Feb 16, 2019.
             Was an Initiate of Gozag.
             Slain by a +0 rapier of chaos (4 damage)
             ... on level 7 of the Dungeon.
             The game lasted 00:34:38 (11122 turns).

Masnef the Covert (Spriggan Skald)                 Turns: 11122, Time: 00:34:39

Health: -1/45      AC:  2    Str:  7    XL:     9   Next: 42%
Magic:  19/20      EV: 21    Int: 18    God:    Gozag
Gold:   273        SH:  0    Dex: 15    Spells: 10/22 levels left

rFire    . . .     SeeInvis +   s - +2 short sword (protect)
rCold    . . .     Gourm    .   (shield restricted)
rNeg     . . .     Faith    .   b - +0 robe
rPois    .         Spirit   .   (helmet restricted)
rElec    .         Reflect  .   (no cloak)
rCorr    .         Harm     .   (gloves unavailable)
MR       ++...                  (boots unavailable)
Stlth    +++++.....             (no amulet)
HPRegen  0.15/turn              v - ring of protection from magic
MPRegen  0.17/turn              (no ring)

@: very quick
A: very small, unfitting armour, see invisible, herbivore, speed 3, slow
metabolism 2
a: Potion Petition, Call Merchant, Bribe Branch, Renounce Religion


You were on level 7 of the Dungeon.
You worshipped Gozag.
Gozag was aware of your devotion.
You were not hungry.

You visited 1 branch of the dungeon, and saw 7 of its levels.

You collected 635 gold pieces.
You paid 362 gold pieces to Gozag.

Inventory:

Hand Weapons
 a - a +0 short sword
 j - a +1 short sword of draining
 m - a +0 dagger of holy wrath
 s - a +2 short sword of protection (weapon)
Missiles
 u - 101 arrows
Armour
 b - a +0 robe (worn)
Magical Staves
 B - an uncursed staff of summoning
 E - an uncursed staff of energy
Jewellery
 v - a ring of protection from magic (left hand)
Wands
 z - a wand of scattershot (4)
 A - a wand of enslavement (13)
 G - a wand of flame (15)
Scrolls
 c - a scroll of identify
 g - a scroll of blinking {unknown}
 h - 5 scrolls of teleportation
 i - a scroll of amnesia {unknown}
 l - a scroll of fog {unknown}
 n - a scroll of immolation {unknown}
 t - 2 scrolls of remove curse {unknown}
 w - a scroll of enchant armour {unknown}
 y - a scroll of noise {unknown}
 C - a scroll of random uselessness {unknown}
 D - 2 scrolls of enchant weapon {unknown}
Potions
 e - 2 potions of lignification
 f - 2 potions of agility
 p - a potion of haste
 q - a potion of magic
 r - a potion of flight {unknown}
 F - a potion of might
Comestibles
 d - 3 rations


   Skills:
 * Level 3.9 Fighting
 * Level 6.2 Short Blades
 * Level 6.1 Dodging
 - Level 12.0 Stealth
 * Level 7.1 Spellcasting
 - Level 2.0 Hexes
 - Level 4.4 Charms
 - Level 2.0 Necromancy
 - Level 2.0 Translocations
 + Level 1.0 Transmutations


You had 10 spell levels left.
You knew the following spells:

 Your Spells              Type           Power        Failure   Level  Hunger
a - Infusion              Chrm           ###.         1%          1    None
b - Shroud of Golubria    Chrm/Tloc      ###.......   4%          2    None
c - Regeneration          Chrm/Necr      ###.......   9%          3    ##.....
d - Spectral Weapon       Hex/Chrm       ###.....     9%          3    ##.....
e - Confusing Touch       Hex            ##....       4%          1    None
f - Sticks to Snakes      Tmut           ##......     11%         2    None

Your spell library contained the following spells:

 Spells                   Type           Power        Failure   Level  Hunger
 Song of Slaying          Chrm           ###.....     2%          2    None
 Animate Skeleton         Necr           N/A          4%          1    None
 Apportation              Tloc           ##....       4%          1    None
 Beastly Appendage        Tmut           ##....       7%          1    None
 Summon Small Mammal      Summ           #...         11%         1    None
 Spider Form              Tmut/Pois      #.........   26%         3    ##.....
 Ice Form                 Ice/Tmut       #.......     65%         4    ####...
 Blade Hands              Tmut           ##........   88%         5    #####..


Dungeon Overview and Level Annotations

Branches:
Dungeon (7/15)             Temple (0/1) D:7

Altars:
Fedhas
Gozag
Ru
Trog
Xom

Shops:
D:4 *   D:5 =   D:7 }

Annotations:
D:5 2 transporters
D:7 Murks's ghost, novice DsNe


Innate Abilities, Weirdness & Mutations

You are very small and have problems with some larger weapons.
You are too small for most types of armour.
You have supernaturally acute eyesight. (SInv)
You are a herbivore.
You cover ground extremely quickly.
You need to consume almost no food.


Message History

The +0 rapier of chaos hits you but does no damage.
Your ball python bites the +0 rapier of chaos but does no damage.
Your ball python completely misses the +0 rapier of chaos.
Your ball python misses the +0 rapier of chaos.
Your ball python completely misses the +0 rapier of chaos.
The +0 rapier of chaos hits you! The +0 rapier of chaos freezes you!
Your ball python closely misses the +0 rapier of chaos.
Your ball python misses the +0 rapier of chaos.
There is a stone staircase leading down here.
The +0 rapier of chaos barely misses you.
There is an open door here.
The +0 rapier of chaos hits you!
* * * LOW HITPOINT WARNING * * *
The +0 rapier of chaos freezes you.
* * * LOW HITPOINT WARNING * * *
As you read the scroll labeled YGHEHA BOUMOTH, it crumbles to dust.
You feel aware of your surroundings.
It was a scroll of magic mapping.
The +0 rapier of chaos hits you.
You die...
Your body crumbles into a pile of gold.

...#....# ###'######'##
#... ...#######
#.....##....# ####
...#.....# #.....##....#
### ...#.....#
#.....##....# #..
####...._#
#.....##....######.#
#.....#
#.....##....'.......
####.....#
#.....##....######.#
..##.....#####.....##....#
#.#
..''.........#..@..##....#
#.#
..##.....###.#..(..##....#
#.# ..##.....#
#.###'####....# #..
..##.....# #..##.# #....#
### ..##.....# ##.##.#
#....# ..######## #..#.#
###### ..# ##.#.# ..#
#..S# ### ##..#


You could see a +0 rapier of chaos and a friendly ball python.

Vanquished Creatures
  Eustachio (D:6)
  2 water moccasins (D:4)
  A sky beast (D:5)
  A black bear (D:7)
  A phantom (D:4)
  2 ogres
  3 centaurs
  2 bullfrogs (D:6)
  4 scorpions
  3 killer bees
  A howler monkey (D:6)
  3 crimson imps
  A centaur zombie (D:6)
  6 hounds
  A jelly (D:6)
  An orc priest (D:3)
  2 bullfrog skeletons
  A centaur skeleton (D:5)
  A gnoll shaman (D:4)
  2 iguanas
  An orc wizard (D:6)
  Natasha (thrice) (D:3)
  7 worker ants
  A hound zombie (D:6)
  2 worker ant zombies
  13 adders
  6 gnolls (D:4)
  A shadow imp (D:7)
  2 worms
  2 dart slugs (D:1)
  5 leopard geckos
  8 orcs
  4 ball pythons
  6 giant cockroaches
  8 goblins
  12 hobgoblins
  6 jackals
  4 kobolds
  9 quokkas
  6 bats
  A frilled lizard (D:3)
  2 leopard gecko skeletons
  A quokka skeleton (D:6)
  10 rats
159 creatures vanquished.

Vanquished Creatures (collateral kills)
  A bullfrog (D:6)
  3 killer bees
  An orc wizard (D:7)
  2 orcs
7 creatures vanquished.

Vanquished Creatures (others)
  A hippogriff (D:7)
  An ogre (D:4)
  A jelly (D:4)
  A worker ant (D:6)
  A gnoll (D:4)
  2 spectral weapons (D:4)
7 creatures vanquished.

Grand Total: 173 creatures vanquished

Notes
Turn   | Place    | Note
-------+----------+-------------------------------------------
     0 | D:1      | Masnef the Spriggan Skald began the quest for the Orb.
     0 | D:1      | Reached XP level 1. HP: 10/10 MP: 5/5
    87 | D:1      | Reached skill level 1 in Stealth
   106 | D:1      | Reached skill level 2 in Stealth
   408 | D:1      | Reached XP level 2. HP: 6/14 MP: 6/6
   718 | D:1      | Reached skill level 3 in Stealth
  1297 | D:2      | Reached XP level 3. HP: 18/18 MP: 8/8
  1342 | D:2      | Learned a level 2 spell: Shroud of Golubria
  1476 | D:2      | Learned a level 3 spell: Regeneration
  1494 | D:2      | Reached skill level 4 in Stealth
  1567 | D:2      | Found a blossoming altar of Fedhas.
  1646 | D:2      | Reached XP level 4. HP: 18/22 MP: 6/9
  2174 | D:3      | Noticed Natasha
  2187 | D:3      | Killed Natasha
  2187 | D:3      | Reached skill level 5 in Stealth
  2320 | D:3      | Noticed Natasha
  2333 | D:3      | HP: 1/22 [Natasha (5)]
  2343 | D:3      | Killed Natasha
  2343 | D:3      | Reached XP level 5. HP: 7/25 MP: 8/10
  2600 | D:3      | Reached skill level 1 in Translocations
  2665 | D:3      | Noticed Natasha
  2709 | D:3      | Killed Natasha
  2709 | D:3      | Reached skill level 6 in Stealth
  2930 | D:3      | Learned a level 3 spell: Spectral Weapon
  3512 | D:4      | Noticed a phantom
  3926 | D:4      | Killed a phantom
  3926 | D:4      | Reached skill level 1 in Hexes
  3926 | D:4      | Reached XP level 6. HP: 13/30 MP: 9/11
  5620 | D:4      | Found Ruixta Locs's Serpentskin Sales.
  5620 | D:4      | Noticed a water moccasin
  5620 | D:4      | Noticed a water moccasin
  5642 | D:4      | Killed a water moccasin
  5642 | D:4      | Reached XP level 7. HP: 16/35 MP: 12/14
  5651 | D:4      | Reached skill level 7 in Stealth
  5659 | D:4      | Reached skill level 5 in Short Blades
  6212 | D:5      | Entered Level 5 of the Dungeon
  6232 | D:5      | Found a transporter.
  6234 | D:5      | Found a transporter.
  6250 | D:5      | Learned a level 1 spell: Confusing Touch
  6253 | D:5      | Learned a level 2 spell: Sticks to Snakes
  6307 | D:4      | Reached skill level 5 in Spellcasting
  6884 | D:5      | Reached skill level 8 in Stealth
  6948 | D:5      | Reached skill level 1 in Necromancy
  6948 | D:5      | Reached XP level 8. HP: 31/39 MP: 15/17
  7433 | D:5      | Reached skill level 9 in Stealth
  7582 | D:5      | Found Acuth's Jewellery Shoppe.
  7781 | D:5      | Noticed a moth of wrath
  7784 | D:5      | Found a bloodstained altar of Trog.
  8299 | D:6      | Reached skill level 5 in Dodging
  8442 | D:6      | Found an opulent altar of Gozag.
  8444 | D:6      | Reached skill level 10 in Stealth
  8747 | D:6      | Became a worshipper of Gozag Ym Sagoz the Greedy
  8792 | D:6      | Noticed Eustachio
  8993 | D:6      | Reached XP level 9. HP: 32/44 MP: 18/20
  9098 | D:6      | Killed Eustachio
  9098 | D:6      | Reached skill level 11 in Stealth
  9890 | D:7      | Found a sacrificial altar of Ru.
  9946 | D:7      | HP: 2/44 [poisoned by a killer bee]
 10522 | D:7      | Reached skill level 1 in Transmutations
 10956 | D:7      | Found Xecel's Gadget Shop.
 10993 | D:7      | Reached skill level 12 in Stealth
 11086 | D:7      | Found a runed translucent door.
 11086 | D:7      | Found a shimmering altar of Xom.
 11086 | D:7      | Noticed Murks's ghost (novice DsNe)
 11087 | D:7      | Noticed a +0 rapier of chaos
 11122 | D:7      | Slain by a +0 rapier of chaos

Skill      XL: |  1  2  3  4  5  6  7  8  9 |
---------------+----------------------------+-----
Stealth        | 2 3 4 5 6 8 10 12 | 12.0
Short Blades   | 3 4 5 6 |  6.2
Translocations | 2 |  2.0
Fighting       | 2 3 |  3.9
Spellcasting   | 3 4 5 6 7 |  7.1
Hexes          | 1 2 |  2.0
Dodging        | 4 5 6 |  6.1
Necromancy     | 1 2 |  2.0
Transmutations | 1 |  1.0
Charms         | |  4.4

Action                   |  1- 3 |  4- 6 |  7- 9 || total
-------------------------+-------+-------+-------++-------
Melee: Short sword       |   126 |   182 |    64 ||   372
       Dagger            |       |    87 |   334 ||   421
 Cast: Shroud of Golubri |     1 |    15 |     5 ||    21
       Infusion          |     1 |       |     1 ||     2
       Regeneration      |       |     7 |       ||     7
       Spectral Weapon   |       |    10 |       ||    10
       Confusing Touch   |       |       |    53 ||    53
       Sticks to Snakes  |       |       |    16 ||    16
Invok: Potion Petition   |       |       |     2 ||     2
Evoke: Wand              |       |     2 |     3 ||     5
  Use: Potion            |       |     4 |     4 ||     8
       Scroll            |       |     1 |     5 ||     6
 Stab: Sleeping          |    11 |     9 |    20 ||    40
       Distracted        |       |     1 |     3 ||     4
       Confused          |       |       |    37 ||    37
       Invisible         |       |       |     1 ||     1
  Eat: Ration            |       |     3 |     3 ||     6
Armor: Robe              |    17 |    25 |    23 ||    65
       Skin              |       |    13 |    11 ||    24
Dodge: Dodged            |    89 |   196 |   271 ||   556
